 Dungeon Crawl Stone Soup version 0.20.0-10-g0535bb4 (webtiles) character file.

558 Zhenya24pyc the Cudgeler (level 7, -5/41 HPs)
             Began as a Gargoyle Fighter on June 3, 2017.
             Was a Follower of Okawaru.
             Succumbed to barbed spike wounds
             ... on level 6 of the Dungeon.
             The game lasted 00:10:43 (3484 turns).

Zhenya24pyc the Cudgeler (Gargoyle Fighter)         Turns: 3484, Time: 00:10:44

Health: -5/41      AC: 11    Str: 25    XL:     7   Next: 31%
Magic:  0/7        EV: 10    Int:  9    God:    Okawaru [*.....]
Gold:   308        SH:  9    Dex: 10    Spells: 6/6 levels left

rFire    . . .     SeeInvis .   y - +0 mace
rCold    . . .     Gourm    .   c - +0 shield
rNeg     + . .     Faith    .   b - +0 scale mail
rPois    ∞         Spirit   +   (no helmet)
rElec    +         Reflect  .   g - scarf {Spirit}
rCorr    .         Harm     .   (no gloves)
MR       .....                  (no boots)
Stlth    ..........             (no amulet)
Regen    0.2/turn               K - +3 ring of evasion
MPRegen  0.1/turn               A - +5 ring of strength

@: barbed spikes
A: negative energy resistance 1, electricity resistance, unbreathing,
petrification resistance, rot immunity, AC +4
a: Heroism, Renounce Religion


You were on level 6 of the Dungeon.
You worshipped Okawaru.
Okawaru was aware of your devotion.
You were not hungry.

You visited 2 branches of the dungeon, and saw 7 of its levels.
You also visited: Sewer.

You collected 308 gold pieces.

Inventory:

Hand Weapons
 y - a +0 mace (weapon)
Armour
 b - a +0 scale mail (worn)
 c - a +0 shield (worn)
 g - a scarf of spirit shield (worn)
Jewellery
 A - a +5 ring of strength (right hand)
 K - a +3 ring of evasion (left hand)
Scrolls
 h - 3 scrolls of teleportation {unknown}
 j - a scroll of recharging {unknown}
 l - a scroll of enchant armour {unknown}
 n - 4 scrolls of remove curse
 o - 3 scrolls of noise {unknown}
 q - 6 scrolls of identify {unknown}
 r - a scroll of magic mapping {unknown}
 t - a scroll of enchant weapon {unknown}
 w - a scroll of fog {unknown}
 I - 2 scrolls of blinking {unknown}
 J - a scroll of immolation {unknown}
Potions
 d - a potion of might
 e - a potion of lignification {unknown}
 i - 2 potions of haste {unknown}
 m - 5 potions of curing {unknown}
 p - a potion of degeneration {unknown}
 s - 2 potions of invisibility {unknown}
 u - 4 potions of mutation {unknown}
 x - 2 potions of berserk rage {unknown}
 E - a potion of resistance {unknown}
 F - a potion of flight {unknown}
 G - a potion of agility {unknown}
 H - a potion of heal wounds {unknown}
Comestibles
 a - 3 chunks of flesh
 f - 3 bread rations
 k - 4 meat rations
 z - 4 royal jellies
 B - a fruit


   Skills:
 + Level 3.3 Fighting
 + Level 7.6 Maces & Flails
 + Level 3.3 Armour
 + Level 3.5 Shields
 + Level 0.2 Invocations


You had 6 spell levels left.
You didn't know any spells.

Dungeon Overview and Level Annotations

Branches:
Dungeon (5/15)             Temple (1/1) D:4

Altars:
Cheibriados
Elyvilon
Kikubaaqudgha
Nemelex Xobeh
Okawaru
Qazlal
Sif Muna
Vehumet
Zin
The Shining One


Innate Abilities, Weirdness & Mutations

You are resistant to torment.
Your stone body is resilient. (AC +4)
You are immune to poison.
You resist negative energy. (rN+)
You are resistant to electric shocks. (rElec)
You can survive without breathing.
You are immune to petrification.
You are immune to rotting.


Message History

The barbed spikes become lodged in your body.
The barbs in your skin will harm you if you move.
Continue? [Y]es or [N]o only, please.
The barbs in your skin will harm you if you move.
Continue?
Okay, then.
The barbs in your skin will harm you if you move.
Continue? [Y]es or [N]o only, please.
The barbs in your skin will harm you if you move.
Continue?
The barbed spikes dig painfully into your body as you move.
The manticore flicks its tail.
The volley of spikes hits you!
The barbed spikes become lodged in your body.
You are too injured to fight recklessly!
The barbed spikes dig painfully into your body as you move.
The manticore flicks its tail.
The volley of spikes hits you!
The barbed spikes become lodged in your body.
* * * LOW HITPOINT WARNING * * *
The barbed spikes dig painfully into your body as you move.
You die...

#.... .H... ....#
#... #...
#.#.#.############
....$......H.....#
#........###@#
#............#
#....#
###.#........#
####.# #
#.##.##### # #.
#.. ## ####


You could see a manticore.

Vanquished Creatures
  Purgy (Sewer)
  An ogre (D:5)
  A jelly (D:5)
  An orc priest (D:5)
  2 orc wizards
  An iguana (D:4)
  3 worker ants (D:5)
  A hound skeleton (D:4)
  4 adders
  4 gnolls (D:3)
  A worm (D:2)
  3 dart slugs (D:1)
  2 leopard geckos
  8 orcs
  4 giant cockroaches
  5 goblins
  9 hobgoblins
  7 kobolds
  2 quokkas
  6 ball pythons
  5 bats
  6 frilled lizards
  A jackal skeleton (D:5)
  6 rats
84 creatures vanquished.

Notes
Turn   | Place    | Note
-------+----------+-------------------------------------------
     0 | D:1      | Zhenya24pyc the Gargoyle Fighter began the quest for the Orb.
     0 | D:1      | Reached XP level 1. HP: 14/14 MP: 1/1
    61 | D:1      | Reached XP level 2. HP: 17/19 MP: 2/2
   143 | D:1      | Reached skill level 3 in Maces & Flails
   341 | D:1      | Reached XP level 3. HP: 19/23 MP: 3/3
  1320 | D:3      | Reached skill level 4 in Maces & Flails
  1323 | D:3      | Found an ancient bone altar of Kikubaaqudgha.
  1323 | D:3      | Noticed a human
  1395 | D:3      | Reached XP level 4. HP: 25/28 MP: 2/4
  1888 | D:4      | Reached skill level 5 in Maces & Flails
  1888 | D:4      | Reached XP level 5. HP: 5/32 MP: 1/5
  1967 | D:4      | Found a white marble altar of Elyvilon.
  2048 | D:4      | Found a staircase to the Ecumenical Temple.
  2059 | Temple   | Entered the Ecumenical Temple
  2190 | Temple   | Became a worshipper of Warmaster Okawaru
  2233 | D:4      | Found a glowing drain.
  2257 | Sewer    | Entered a sewer
  2379 | Sewer    | Noticed Purgy
  2408 | Sewer    | Killed Purgy
  2408 | Sewer    | Reached skill level 6 in Maces & Flails
  2408 | Sewer    | Reached XP level 6. HP: 20/37 MP: 2/6
  2821 | D:5      | Entered Level 5 of the Dungeon
  2890 | D:5      | Found a stormy altar of Qazlal.
  2937 | D:5      | Reached * piety under Okawaru
  2937 | D:5      | Reached skill level 7 in Maces & Flails
  2957 | D:5      | Reached XP level 7. HP: 25/41 MP: 5/7
  3469 | D:5      | You fall through a shaft!
  3470 | D:6      | Noticed a manticore
  3484 | D:6      | Succumbed to barbed spike wounds

Skill      XL: |  1  2  3  4  5  6 |
---------------+-------------------+-----
Maces & Flails | 3 4 5 6 7 |  7.6
Fighting       | |  3.3
Armour         | |  3.3
Shields        | |  3.5
Invocations    | |  0.2

Action                   |  1- 3 |  4- 6 |  7- 9 || total
-------------------------+-------+-------+-------++-------
Melee: Flail             |   124 |       |       ||   124
       Mace              |    33 |   196 |    58 ||   287
  Use: Scroll            |       |     1 |       ||     1
  Eat: Chunk             |     1 |     6 |     2 ||     9
Armor: Scale mail        |    93 |   119 |    19 ||   231
Dodge: Dodged            |    55 |    92 |    19 ||   166
Block: Shield            |    81 |   111 |    24 ||   216
